 Dungeon Crawl Stone Soup version 0.18-a0-1292-ge8ad84c (console) character file.

27 sorlin the Caller (level 2, -8/17 HPs)
             Began as a High Elf Summoner on Feb 10, 2016.
             Killed from afar by Natasha (9 damage)
             ... with a magic dart
             ... on level 2 of the Dungeon.
             The game lasted 00:04:22 (1868 turns).

sorlin the Caller (High Elf Summoner)               Turns: 1868, Time: 00:04:22

Health: -8/17      AC:  3    Str:  7    XL:     2   Next: 93%
Magic:  0/6        EV: 12    Int: 18    God:
Gold:   84         SH:  0    Dex: 15    Spells: 2 memorised, 2 levels left

rFire  . . .     SeeInvis .     f - +0 dagger
rCold  . . .     Gourm    .     a - +0 robe
rNeg   . . .     Faith    .     (no shield)
rPois  .         Spirit   .     (no helmet)
rElec  .         Dismiss  .     (no cloak)
rCorr  .         Reflect  .     (no gloves)
SustAt .         Harm     .     m - +0 pair of boots
MR     .....                    (no amulet)
Stlth  ++........               (no ring)
                                (no ring)

@: not resistant to hostile enchantments, unstealthy
A: no striking features
a: no special abilities


You were on level 2 of the Dungeon.
You were not hungry.

You visited 1 branch of the dungeon, and saw 2 of its levels.

You collected 84 gold pieces.

Inventory:

Hand Weapons
 f - a +0 dagger (weapon)
Armour
 a - a +0 robe (worn)
 m - a +0 pair of boots (worn)
Scrolls
 d - 2 scrolls of fear {unknown}
 e - 2 scrolls of enchant weapon {unknown}
 g - a scroll of recharging {unknown}
 h - a scroll of immolation {unknown}
 i - a scroll of magic mapping {unknown}
 l - 2 scrolls of teleportation {unknown}
 n - a scroll of enchant armour {unknown}
Potions
 k - a potion of curing {unknown}
Books
 b - a book of Callings

   Spells                             Type                      Level
   a - Summon Small Mammal            Summoning                    1
   b - Call Imp                       Summoning                    2
   c - Call Canine Familiar           Summoning                    3
   d - Summon Guardian Golem          Hexes/Summoning              3
   e - Summon Lightning Spire         Summoning/Air                4
   f - Summon Ice Beast               Ice/Summoning                4
Comestibles
 c - a bread ration
 j - a beef jerky


   Skills:
 - Level 2.1 Dodging
 - Level 2.1 Stealth
 - Level 2.4 Spellcasting
 + Level 4.4 Summonings


You had 2 spell levels left.
You knew the following spells:

 Your Spells              Type           Power        Failure   Level  Hunger
a - Summon Small Mammal   Summ           ###.         2%          1    #......
b - Call Imp              Summ           ###.....     4%          2    ##.....


Dungeon Overview and Level Annotations

Branches:
Dungeon (2/15)

Altars:
Nemelex Xobeh

Annotations:
D:2 Natasha


Message History

Your quokka dies!
Your quokka's corpse disappears in a puff of smoke!
Natasha hisses angrily.
Natasha stares at you and mumbles some strange words.
The magic dart hits you!
You closely miss Natasha.
Natasha is severely wounded.
The crimson imp disappears in a puff of smoke!
Natasha claws you.
* * * LOW HITPOINT WARNING * * *
Your crimson imp blinks!
Casting: Call Imp
Confirm with . or Enter, or press ? or * to list all spells.
A beastly little devil appears in a puff of frigid air.
Natasha claws you.
* * * LOW HITPOINT WARNING * * *
Natasha casts a spell at you. The magic dart hits you!
Ouch! That really hurt!
You die...

############
#...........
######
#.#########.
.....### #.# #.
.....# #.# #.
#.#.##########.#
#.
#$..5hh.@5..5..#
#.
###.############
#. #.# #. #h# ##
#h# ......5...#
.##.....#.#
######.h.# . .#
.... .. ..


You could see Natasha, a crimson imp, a jackal, a friendly crimson imp and a
friendly white imp.

Vanquished Creatures
  2 bats (D:1)
  A giant cockroach (D:1)
  2 hobgoblins (D:1)
  A quokka (D:1)
  A giant newt (D:1)
  A kobold (D:1)
  A rat (D:1)
9 creatures vanquished.

Vanquished Creatures (collateral kills)
  An adder (D:1)
  A giant gecko (D:1)
  A giant cockroach (D:1)
  2 goblins (D:1)
  4 hobgoblins (D:1)
  2 jackals (D:2)
  2 kobolds (D:1)
  2 giant newts (D:1)
  3 rats (D:1)
18 creatures vanquished.

Grand Total: 27 creatures vanquished

Notes
Turn   | Place    | Note
--------------------------------------------------------------
     0 | D:1      | sorlin the High Elf Summoner began the quest for the Orb.
     0 | D:1      | Reached XP level 1. HP: 11/11 MP: 4/4
   367 | D:1      | Found a sparkling altar of Nemelex Xobeh.
   644 | D:1      | Reached skill level 4 in Summonings
   799 | D:1      | Reached XP level 2. HP: 17/17 MP: 1/6
   808 | D:1      | Learned a level 2 spell: Call Imp
  1838 | D:2      | Noticed Natasha
  1845 | D:2      | Noticed a crimson imp
  1860 | D:2      | Noticed a crimson imp
  1868 | D:2      | Killed from afar by Natasha

Vault maps used:
D:1:      dpeg_arrival_stone_temple_mockup, minmay_crystal_water,
          nemelex_xobeh_ov_fountains_minmay
D:2:      minmay_overflow_temple_hex, uniq_terence, uniq_natasha, uniq_iyjb

Action                   || total
-------------------------++-------
Melee: Dagger            ||    33
 Cast: Summon Small Mamm ||    36
       Call Imp          ||     5
 Stab: Sleeping          ||     4
  Eat: Chunk             ||     3
